[Event "January 2 Early 2024"]
[Site "https://www.chess.com"]
[Date "2024.01.02"]
[Round "2"]
[White "Gontcharov, Vladislav"]
[Black "Svane, Frederik"]
[Result "0-1"]
[Board "18"]
[TimeControl "180+1"]
[WhiteFideId "4123492"]
[BlackFideId "12923044"]
[WhiteElo "2651"]
[BlackElo "3022"]
[WhiteTeam "RUS"]
[BlackTeam "GER"]
[WhiteClock "0:00:00"]
[BlackClock "0:00:44"]

1. e4 c5 2. Nf3 d6 3. d4 cxd4 4. Qxd4 Nc6 5. Bb5 Bd7 6. Bxc6 Bxc6 7. Nc3 h6 8. g4 e5 9. Qd3 Nf6 10. g5 hxg5 11. Bxg5 Rh3 12. O-O-O Be7 13. Rhg1 Nh5 14. Qe2 Bxg5+ 15. Nxg5 Nf4 16. Qg4 Rxc3 17. bxc3 g6 18. h4 Qa5 19. Rg3 Qxa2 20. h5 Nxh5 21. Rgd3 Rd8 22. Ne6 Qxe6 23. Qxe6+ fxe6 24. Rh3 Bxe4 25. f3 Bf5 26. Rhh1 Ke7 27. Kd2 Rc8 28. Ra1 a6 29. Rhb1 Rc7 30. Rb4 Nf6 31. Rab1 b5 32. Ra1 Nd5 33. Rb3 Rc6 34. Rba3 b4 35. Rxa6 bxc3+ 36. Kc1 Rxa6 37. Rxa6 Nb4 38. Ra7+ Kf6 39. Rc7 d5 40. Rc8 d4 0-1

[Event "January 2 Early 2024"]
[Site "https://www.chess.com"]
[Date "2024.01.02"]
[Round "2"]
[White "Hansen, Sune Berg"]
[Black "Meier, Georg"]
[Result "1/2-1/2"]
[Board "19"]
[TimeControl "180+1"]
[WhiteFideId "1400266"]
[BlackFideId "4675789"]
[WhiteElo "2648"]
[BlackElo "3019"]
[WhiteTeam "DEN"]
[BlackTeam "URU"]
[WhiteClock "0:00:21"]
[BlackClock "0:00:09"]

1. Nf3 d5 2. g3 Bg4 3. Bg2 e6 4. c4 c6 5. h3 Bxf3 6. Bxf3 dxc4 7. Qc2 Nd7 8. Bg2 Nb6 9. O-O Nf6 10. Rd1 Nfd5 11. Na3 Bxa3 12. bxa3 O-O 13. Rb1 Qe7 14. a4 Qc5 15. d4 Qa5 16. e4 Nc3 17. Qd2 Nbxa4 18. Ba3 Qa6 19. Bxf8 Rxf8 20. d5 Nxb1 21. Rxb1 cxd5 22. exd5 exd5 23. Bxd5 Nc5 24. Qd4 Qa5 25. Bxc4 Qc7 26. Re1 b6 27. Qh4 Qd8 28. Re7 Kh8 29. Bxf7 Nd7 30. Bg6 Nf6 31. Rxa7 h6 32. Qb4 Qd1+ 33. Kg2 Qd5+ 34. Kg1 Ra8 35. Rxa8+ Qxa8 36. Qxb6 Qxa2 37. Qd8+ Qg8 38. Qxg8+ Kxg8 39. h4 Kf8 40. Kg2 Ke7 41. f3 Nd7 42. g4 Kf6 43. Be4 g5 44. Kg3 Ke5 45. hxg5 hxg5 46. Bf5 Nf6 47. Bd3 Nd5 48. Be4 Nf4 49. Bf5 Kd4 50. Be4 Ke3 51. Bc6 Ne2+ 52. Kg2 Nd4 53. Be4 Ne2 54. Bb7 Nc3 55. Kg3 Ne2+ 56. Kg2 Kf4 57. Kf2 Nd4 58. Kg2 Nb3 59. Kf2 Nd2 60. Kg2 Nc4 61. Be4 Nd6 62. Bd5 Ke3 63. Bc6 Nc4 64. Kg3 Ne5 65. Be4 Nc4 66. Ba8 Nd2 67. Kg2 Kf4 68. Kf2 Nb3 69. Kg2 Nd4 70. Kf2 Ne6 71. Kg2 Ke5 72. Kf2 1/2-1/2

[Event "January 2 Early 2024"]
[Site "https://www.chess.com"]
[Date "2024.01.02"]
[Round "2"]
[White "Movahed, Sina"]
[Black "Domingo Nunez, Alejandro"]
[Result "0-1"]
[Board "20"]
[TimeControl "180+1"]
[WhiteFideId "42520835"]
[BlackFideId "22245561"]
[WhiteElo "3013"]
[BlackElo "2647"]
[WhiteTeam "IRI"]
[BlackTeam "ESP"]
[WhiteClock "0:00:00"]
[BlackClock "0:00:19"]

1. e4 g6 2. d4 Bg7 3. Nc3 c6 4. f4 d5 5. e5 Nh6 6. Nf3 f6 7. Bd3 O-O 8. O-O Bg4 9. Qe1 Bxf3 10. Rxf3 fxe5 11. dxe5 c5 12. b3 e6 13. Ba3 b6 14. Rd1 Qe7 15. Ne2 Nc6 16. c3 Qc7 17. b4 Ne7 18. h3 Nf7 19. h4 Nh6 20. h5 Nef5 21. hxg6 hxg6 22. Rh3 Rad8 23. Ng3 d4 24. bxc5 Ne3 25. cxb6 Qc6 26. Be4 Qxb6 27. Bxf8 Nxd1 28. Bxg7 dxc3+ 29. Kh2 Ng4+ 30. Kh1 Ndf2+ 31. Qxf2 Nxf2+ 32. Kh2 Nxh3 0-1

[Event "January 2 Early 2024"]
[Site "https://www.chess.com"]
[Date "2024.01.02"]
[Round "2"]
[White "Volkov, Maksim"]
[Black "Salem, A.R. Saleh"]
[Result "0-1"]
[Board "22"]
[TimeControl "180+1"]
[WhiteFideId "54123070"]
[BlackFideId "9301348"]
[WhiteElo "2646"]
[BlackElo "3008"]
[WhiteTeam "RUS"]
[BlackTeam "UAE"]
[WhiteClock "0:00:00"]
[BlackClock "0:00:09"]

1. d4 Nf6 2. c4 g6 3. g3 Bg7 4. Bg2 O-O 5. Nc3 d6 6. Nf3 Nc6 7. O-O e5 8. dxe5 dxe5 9. Bg5 h6 10. Qxd8 Rxd8 11. Bxf6 Bxf6 12. Nd5 Kg7 13. Nxc7 Rb8 14. e4 Be7 15. h3 Bc5 16. Rfd1 Be6 17. Nd5 a5 18. Ne1 Bd4 19. Rd2 a4 20. Rad1 Rbc8 21. Nf3 Bc5 22. Bf1 f6 23. Kg2 Bf7 24. Bd3 b6 25. Bc2 Na5 26. Bd3 Rd6 27. Rc1 Nc6 28. Bc2 Ra8 29. Bd1 a3 30. b3 Rad8 31. Bc2 Nb4 32. Bb1 Nc6 33. Rcd1 g5 34. Bd3 Bg6 35. Bb1 h5 36. g4 h4 37. Nh2 Bd4 38. Nf1 Kf7 39. Kf3 Bc5 40. Nfe3 Nd4+ 41. Kg2 Ne6 42. Nf5 Nf4+ 43. Kh2 R6d7 44. Nfe3 Kg7 45. Rf1 Kf7 46. Rdd1 Rd6 47. Nxf4 gxf4 48. Nd5 Bd4 49. Kg2 Kg7 50. Kf3 Kh6 51. Bd3 Kg5 52. b4 Ra8 53. Rc1 Rc6 54. Rc2 Bf7 55. Rfc1 Ra4 56. b5 Rc5 57. Ne7 Ra7 58. Nc6 Rd7 59. Nxd4 Rxd4 60. Ke2 f3+ 61. Ke3 Bg6 62. Rc3 Rc7 63. Kxf3 Rcd7 64. Ke3 Ra7 65. Be2 Ra4 66. f3 Rb4 67. Rb3 Ra4 68. Rcc3 Bf7 69. Rxa3 Rb4 70. Rab3 Ra4 71. Rb2 Bxc4 72. Bxc4 Rdxc4 73. Rxc4 Rxc4 74. Kd3 Rd4+ 75. Ke3 Ra4 76. Rd2 Ra3+ 77. Rd3 Rxa2 78. Rd6 Ra3+ 79. Ke2 Ra2+ 80. Ke3 Rh2 81. Rxb6 Rxh3 82. Rb8 Rh1 83. Rg8+ Kh6 84. b6 Rb1 85. Rh8+ Kg5 86. Rg8+ Kh6 87. Rb8 Kg7 88. Rb7+ Kg6 89. Rb8 Rb3+ 90. Kf2 Rb2+ 91. Kg1 Kg5 92. b7 Kf4 93. Rf8 Rxb7 94. Rxf6+ Kg3 95. Kf1 h3 96. Ke2 Rh7 0-1

[Event "January 2 Early 2024"]
[Site "https://www.chess.com"]
[Date "2024.01.02"]
[Round "2"]
[White "Zemlyanskii, Ivan"]
[Black "Timerkhanov, Alexander"]
[Result "1-0"]
[Board "23"]
[TimeControl "180+1"]
[WhiteFideId "24249971"]
[BlackFideId "24177938"]
[WhiteElo "3004"]
[BlackElo "2645"]
[WhiteTeam "RUS"]
[BlackTeam "RUS"]
[WhiteClock "0:00:43"]
[BlackClock "0:00:12"]

1. d4 d5 2. c4 c6 3. Nf3 Nf6 4. e3 a6 5. Nbd2 Bf5 6. Nh4 Bg4 7. Qc2 e6 8. h3 Bh5 9. g4 Bg6 10. Nxg6 hxg6 11. Bg2 Bd6 12. b3 Nbd7 13. Bb2 a5 14. a3 Qe7 15. Nf3 Ne4 16. Ne5 Bxe5 17. dxe5 Qg5 18. O-O Qh4 19. f4 g5 20. f5 Ng3 21. fxe6 fxe6 22. Qg6+ Kd8 23. Rf7 Ne2+ 24. Kh1 Qg3 25. Rxd7+ Kxd7 26. Qxg7+ Kc8 27. Qxh8+ Kc7 28. Qxa8 Qxe3 29. Qxa5+ 1-0

[Event "January 2 Early 2024"]
[Site "https://www.chess.com"]
[Date "2024.01.02"]
[Round "2"]
[White "Kuzhylnyi, Oleksandr"]
[Black "Pap, Gyula"]
[Result "1-0"]
[Board "24"]
[TimeControl "180+1"]
[WhiteFideId "34110500"]
[BlackFideId "725323"]
[WhiteElo "2639"]
[BlackElo "3001"]
[WhiteTeam "UKR"]
[BlackTeam "HUN"]
[WhiteClock "0:00:42"]
[BlackClock "0:00:00"]

1. d4 Nc6 2. e4 d6 3. Nc3 Nf6 4. Bb5 a6 5. Bxc6+ bxc6 6. Nf3 g6 7. O-O Bg7 8. h3 O-O 9. Re1 a5 10. e5 Nd5 11. Ne4 f6 12. c4 Nb6 13. exf6 exf6 14. b3 a4 15. Bf4 Re8 16. Bg3 Bf5 17. Nc3 Rxe1+ 18. Qxe1 axb3 19. axb3 Rxa1 20. Qxa1 Qa8 21. Qxa8+ Nxa8 22. d5 c5 23. Bf4 Bc2 24. Nd2 f5 25. Nb5 Kf7 26. Kf1 Bd3+ 27. Ke1 Ke8 28. Kd1 Kd7 29. h4 Nb6 30. Na3 c6 31. dxc6+ Kxc6 32. g3 d5 33. cxd5+ Kxd5 34. Nc2 Kc6 35. Ne3 Kb5 36. Bd6 Bd4 37. Nf3 Bc3 38. Ne5 Bf1 39. Nxf1 Bd4 40. Ne3 Bxe3 41. fxe3 Nd5 42. Ke2 Nc3+ 43. Kf3 Ne4 44. Be7 Nd2+ 45. Ke2 Nxb3 46. Nd7 c4 47. Nf8 1-0

[Event "January 2 Early 2024"]
[Site "https://www.chess.com"]
[Date "2024.01.02"]
[Round "2"]
[White "CamillaEffect"]
[Black "Svane, Rasmus"]
[Result "0-1"]
[Board "25"]
[TimeControl "180+1"]
[BlackFideId "4657101"]
[WhiteElo "2636"]
[BlackElo "2991"]
[BlackTeam "GER"]
[WhiteClock "0:00:08"]
[BlackClock "0:00:31"]

1. e4 c6 2. d4 d5 3. Nc3 dxe4 4. Nxe4 Nf6 5. Ng5 h6 6. Nxf7 Kxf7 7. Nf3 Be6 8. Bd3 Nbd7 9. Qe2 Bd5 10. Nh4 Kg8 11. Ng6 Bf7 12. Nxh8 Kxh8 13. g4 e5 14. dxe5 Qa5+ 15. Bd2 Qxe5 16. O-O-O Qxe2 17. Bxe2 Bc5 18. f3 Re8 19. Bd3 Ne5 20. Bf5 Nxf3 21. Bc3 Nd5 22. Rhf1 Nxc3 23. bxc3 Nxh2 24. Rh1 Nf3 25. Rd7 Bd5 26. Bg6 Rb8 27. Rh3 Ne5 28. Rxd5 cxd5 29. Bf5 Rd8 30. g5 Kg8 31. gxh6 gxh6 32. Rxh6 Be3+ 0-1

[Event "January 2 Early 2024"]
[Site "https://www.chess.com"]
[Date "2024.01.02"]
[Round "2"]
[White "Papasimakopoulos, Alexandros"]
[Black "Kramnik, Vladimir"]
[Result "1/2-1/2"]
[Board "26"]
[TimeControl "180+1"]
[WhiteFideId "4244125"]
[BlackFideId "4101588"]
[WhiteElo "2634"]
[BlackElo "2986"]
[WhiteTeam "GRE"]
[BlackTeam "RUS"]
[WhiteClock "0:00:34"]
[BlackClock "0:00:04"]

1. d4 Nf6 2. c4 e6 3. Nc3 d5 4. cxd5 exd5 5. Bg5 c6 6. e3 Bf5 7. Qf3 Bg6 8. Bxf6 Qxf6 9. Qxf6 gxf6 10. Nf3 a5 11. Nh4 Bb4 12. Kd2 Nd7 13. a3 Bxc3+ 14. Kxc3 Ke7 15. Bd3 b5 16. Nf5+ Ke6 17. Ng7+ Kd6 18. Nf5+ Bxf5 19. Bxf5 Nb6 20. g4 Nc4 21. h4 h5 22. gxh5 b4+ 23. axb4 axb4+ 24. Kxb4 Rxa1 25. Rxa1 Rxh5 26. b3 Nd2 27. Rd1 Rxf5 28. Rxd2 Rh5 29. Kc3 Rxh4 30. Ra2 Rh2 31. Kd3 f5 32. Kc3 f4 33. Kd3 fxe3 34. Kxe3 f6 35. Ra7 Rh3+ 36. f3 Rh2 37. Rf7 Ke6 38. Rc7 Kd6 39. Rf7 Rb2 40. Rxf6+ Kd7 41. Kf4 Rxb3 42. Rh6 Rd3 43. Ke5 Re3+ 44. Kf4 Re8 45. Rh7+ Kd6 46. Rh6+ Kc7 47. Kf5 Kb6 48. Rh1 Rf8+ 49. Kg4 c5 50. dxc5+ Kxc5 51. f4 d4 52. f5 Kd5 53. Kg5 Rg8+ 54. Kf6 d3 55. Rd1 Ke4 56. Ke6 Re8+ 57. Kf7 Ra8 58. f6 Ke3 59. Kg7 Ke2 60. Rxd3 Kxd3 61. f7 Ke4 62. f8=Q Rxf8 63. Kxf8 1/2-1/2

[Event "January 2 Early 2024"]
[Site "https://www.chess.com"]
[Date "2024.01.02"]
[Round "2"]
[White "Pranesh M"]
[Black "Tregubov, Pavel V."]
[Result "1-0"]
[Board "27"]
[TimeControl "180+1"]
[WhiteFideId "35028600"]
[BlackFideId "4115341"]
[WhiteElo "2980"]
[BlackElo "2634"]
[WhiteTeam "IND"]
[BlackTeam "FRA"]
[WhiteClock "0:00:50"]
[BlackClock "0:00:12"]

1. e4 c5 2. Nf3 e6 3. c3 d5 4. e5 Nc6 5. d4 Qb6 6. Be2 cxd4 7. cxd4 Nh6 8. Nc3 Nf5 9. Bb5 Bd7 10. O-O Nxe5 11. Nxe5 Bxb5 12. Re1 Bc6 13. Qg4 Qxd4 14. Qxf5 exf5 15. Nxc6+ Qe4 16. Nxe4 fxe4 17. Nd4 Be7 18. f3 Bf6 19. Be3 O-O-O 20. Nb5 a6 21. Rac1+ Kb8 22. Nd4 Rhe8 23. f4 Rc8 24. b3 b5 25. Kf2 Kb7 26. Ke2 h5 27. Nf5 Rcd8 28. Bd4 Bxd4 29. Nxd4 e3 30. g3 Re4 31. Red1 h4 32. Kf3 hxg3 33. hxg3 Rh8 34. Ne2 Rh2 35. Rxd5 Re7 36. Rf1 Rc7 37. Rd3 Rc2 38. Rxe3 Rxa2 39. Rd1 Kb6 40. Rd7 f5 41. Rf7 g6 42. b4 1-0

[Event "January 2 Early 2024"]
[Site "https://www.chess.com"]
[Date "2024.01.02"]
[Round "2"]
[White "Sipila, Vilka"]
[Black "Vokhidov, Shamsiddin"]
[Result "0-1"]
[Board "28"]
[TimeControl "180+1"]
[WhiteFideId "505455"]
[BlackFideId "14204223"]
[WhiteElo "2632"]
[BlackElo "2976"]
[WhiteTeam "FIN"]
[BlackTeam "UZB"]
[WhiteClock "0:00:44"]
[BlackClock "0:01:44"]

1. e4 c6 2. d4 d5 3. e5 c5 4. Nf3 Nc6 5. dxc5 Bg4 6. c3 e6 7. Be3 a6 8. Nbd2 Nxe5 9. Be2 Nc6 10. O-O Nh6 11. Bxh6 gxh6 12. b4 Bg7 13. Rc1 O-O 14. Nb3 Qe7 15. Re1 Rad8 16. Nbd4 e5 17. Nxc6 bxc6 18. Nd4 Bd7 19. Bxa6 Qf6 20. Nb3 Ra8 21. Qe2 Qg6 22. Kh1 f5 23. Na5 e4 24. a4 f4 25. f3 exf3 26. gxf3 Rfe8 27. Qd2 Rxa6 28. Qxf4 Rf8 29. Qc7 Qf7 30. Rg1 Raa8 31. Rg3 Kh8 32. Qd6 Rae8 33. b5 Be5 34. Qxh6 Bxg3 0-1

[Event "January 2 Early 2024"]
[Site "https://www.chess.com"]
[Date "2024.01.02"]
[Round "2"]
[White "Rasulov, Vugar"]
[Black "Golubev, Mikhail"]
[Result "1-0"]
[Board "30"]
[TimeControl "180+1"]
[WhiteFideId "13402390"]
[BlackFideId "14100983"]
[WhiteElo "2957"]
[BlackElo "2627"]
[WhiteTeam "AZE"]
[BlackTeam "UKR"]
[WhiteClock "0:00:05"]
[BlackClock "0:00:00"]

1. d4 Nf6 2. c4 d6 3. Nf3 g6 4. Nc3 Bg7 5. Bg5 O-O 6. e3 c5 7. Be2 cxd4 8. exd4 h6 9. Bh4 Bf5 10. O-O g5 11. Bg3 Ne4 12. Nxe4 Bxe4 13. Bd3 Bxd3 14. Qxd3 e6 15. Rfe1 Nc6 16. d5 exd5 17. Qxd5 Qf6 18. Bxd6 Rfd8 19. c5 g4 20. Nd2 Qxb2 21. Rab1 Qd4 22. Qxd4 Bxd4 23. Rxb7 Bxc5 24. Bxc5 Rxd2 25. Rc7 Ne5 26. Bb4 Rd5 27. Bc3 Nd3 28. Ree7 Nf4 29. h4 Rd1+ 30. Kh2 Nd5 31. Rxf7 Nxc3 32. Rg7+ Kh8 33. Rh7+ Kg8 34. Rcg7+ Kf8 35. Rc7 Kg8 36. Rxh6 Nd5 37. Rd7 Ne3 38. Rg6+ Kh8 39. Rxd1 Nxd1 40. Kg3 Rf8 41. Rxg4 Rxf2 42. Rd4 Rf1 43. Rd8+ Kg7 44. Rd7+ Kf6 45. Rxa7 Ne3 46. Ra3 Nf5+ 47. Kg4 Nh6+ 48. Kh5 Nf7 49. Ra6+ Kg7 50. g4 Rf4 51. g5 Re4 52. a4 Rd4 53. a5 Rc4 54. Ra7 Rc5 55. Ra6 Rb5 56. Rg6+ Kf8 57. a6 Ra5 58. Rb6 Kg7 59. Rc6 Kf8 60. Re6 Kg7 61. Rb6 Kf8 62. Kg6 Ne5+ 63. Kh7 Nf7 64. Rb8+ Ke7 65. g6 Rh5+ 66. Kg7 Nd6 67. Rf8 Ne8+ 68. Rxe8+ Kxe8 69. a7 Ra5 70. h5 Rxa7+ 71. Kg8 Ra5 72. h6 Rg5 73. g7 Ke7 74. h7 1-0

[Event "January 2 Early 2024"]
[Site "https://www.chess.com"]
[Date "2024.01.02"]
[Round "2"]
[White "Povshednyi, Ivan"]
[Black "Drygalov, Andrey"]
[Result "0-1"]
[Board "31"]
[TimeControl "180+1"]
[WhiteFideId "14190907"]
[BlackFideId "24171735"]
[WhiteElo "2627"]
[BlackElo "2956"]
[WhiteTeam "UKR"]
[BlackTeam "RUS"]
[WhiteClock "0:00:03"]
[BlackClock "0:00:07"]

1. Nf3 d5 2. g3 Nf6 3. Bg2 Bf5 4. c4 c6 5. Qb3 Qb6 6. O-O e6 7. d3 Nbd7 8. cxd5 exd5 9. Qc2 Be7 10. Nc3 O-O 11. e4 dxe4 12. dxe4 Bg6 13. Nh4 Ne5 14. Nxg6 hxg6 15. Be3 Qa6 16. h3 Nc4 17. Bc1 Rfd8 18. Kh2 Nd7 19. f4 Nc5 20. Rd1 Rxd1 21. Nxd1 Rd8 22. Ne3 b5 23. Bf1 Nxe3 24. Bxe3 Ne6 25. a3 Nd4 26. Qf2 c5 27. Rd1 Qb6 28. b4 a5 29. bxa5 Qxa5 30. Bxd4 Qa4 31. Rd3 cxd4 32. Qb2 Qc4 33. Qd2 Bxa3 34. Bg2 Bb4 35. Qd1 Bc3 36. e5 b4 37. Bf1 b3 38. Rf3 Qd5 39. Bg2 Qc4 40. Bf1 Qb4 41. Bd3 b2 42. Rf1 Bd2 43. Qf3 Qc3 44. f5 g5 45. e6 Be3 46. exf7+ Kf8 47. Bb1 Qd2+ 48. Kh1 Qa5 49. f6 g6 50. Qe4 Qd5 51. Qxd5 Rxd5 52. Kg2 d3 53. Rd1 d2 54. Kf3 Bc5 55. Ke2 Bb4 56. Ke3 Re5+ 57. Kf3 Re1 58. Bc2 Kxf7 59. Rxe1 dxe1=Q 60. Bb3+ Kxf6 61. Kg4 Qc3 62. Be6 Qd4+ 63. Kf3 Bc5 64. Kg2 Qe3 65. Kf1 Qf2# 0-1

[Event "January 2 Early 2024"]
[Site "https://www.chess.com"]
[Date "2024.01.02"]
[Round "2"]
[White "Bok, Benjamin"]
[Black "Zavgorodniy, Sergiy"]
[Result "1/2-1/2"]
[Board "32"]
[TimeControl "180+1"]
[WhiteFideId "1017063"]
[BlackFideId "14110148"]
[WhiteElo "2952"]
[BlackElo "2626"]
[WhiteTeam "NED"]
[BlackTeam "UKR"]
[WhiteClock "0:00:07"]
[BlackClock "0:00:26"]

1. d4 Nf6 2. c4 e6 3. Nc3 Bb4 4. Qc2 Nc6 5. Nf3 d6 6. Bd2 O-O 7. a3 Bxc3 8. Bxc3 e5 9. dxe5 dxe5 10. Nxe5 Nxe5 11. Bxe5 Re8 12. Rd1 Qe7 13. Bc3 Ne4 14. e3 Qh4 15. g3 Qh5 16. Bg2 Bf5 17. Qe2 Bg4 18. f3 Nxc3 19. bxc3 Qc5 20. Rd4 Be6 21. O-O Qxa3 22. f4 c5 23. Rdd1 Qxc3 24. Rc1 Qf6 25. Bxb7 Rab8 26. Rb1 Bf5 27. e4 Qd4+ 28. Qf2 Qd7 29. exf5 Rxb7 30. Rxb7 Qxb7 31. Qxc5 h5 32. Qd5 Qb2 33. Rf2 Qc1+ 34. Kg2 Rc8 35. Re2 Qxc4 36. Qxc4 Rxc4 37. Re8+ Kh7 38. Re7 f6 39. Rxa7 Rc5 40. Kh3 Rxf5 41. Kh4 Rc5 42. Rb7 Kh6 43. Rb6 Kg6 44. Kh3 Rd5 45. Ra6 Rc5 46. Ra8 Rd5 47. Ra4 Rc5 48. Rb4 Rd5 49. Rb3 Rc5 50. Kh4 Rd5 51. h3 Rc5 52. g4 hxg4 53. hxg4 Rc4 54. f5+ Kh7 55. Rh3 Rc1 56. Rh2 Kg8 57. Rb2 Rh1+ 58. Kg3 Rg1+ 59. Kh3 Rh1+ 60. Kg2 Rd1 61. Rb8+ Kh7 62. Rb3 Rd2+ 63. Kg3 Rc2 64. Rb1 Rd2 65. Rh1+ Kg8 66. Ra1 Kh7 67. Ra7 Rc2 68. Kh4 Rh2+ 69. Kg3 Rh1 70. Rb7 Rg1+ 71. Kh3 Rh1+ 72. Kg2 Rc1 73. Rd7 Rc2+ 74. Kg3 Rc3+ 75. Kh4 Rc1 76. Rd2 Rh1+ 77. Kg3 Rg1+ 78. Kf3 Rf1+ 79. Kg2 Re1 80. Rd3 Rc1 81. Rh3+ Kg8 82. Rb3 Kh7 83. Rb7 Kh6 84. Ra7 Rc2+ 85. Kg3 Rc3+ 86. Kh4 Rc1 87. Ra8 Rh1+ 88. Kg3 Kh7 89. Rb8 Rg1+ 90. Kf3 Rf1+ 91. Kg2 Rd1 92. Rb7 Rd2+ 93. Kg3 Rd3+ 94. Kh4 Rd1 95. Ra7 Rh1+ 96. Kg3 Rg1+ 97. Kf3 Rf1+ 98. Kg2 Rd1 99. g5 fxg5 100. f6 Kg6 101. fxg7 Rd8 102. Kg3 Rg8 103. Kg4 Rxg7 104. Rxg7+ Kxg7 105. Kxg5 1/2-1/2

[Event "January 2 Early 2024"]
[Site "https://www.chess.com"]
[Date "2024.01.02"]
[Round "2"]
[White "Antunez Soler, Luis"]
[Black "Baskakov, Egor"]
[Result "1-0"]
[Board "33"]
[TimeControl "180+1"]
[WhiteFideId "3513335"]
[BlackFideId "24197866"]
[WhiteElo "2626"]
[BlackElo "2950"]
[WhiteTeam "CUB"]
[BlackTeam "RUS"]
[WhiteClock "0:00:37"]
[BlackClock "0:01:19"]

1. e4 c5 2. Nf3 Nf6 3. e5 Nd5 4. d4 cxd4 5. Qxd4 e6 6. Bc4 Nc6 7. Qe4 f5 8. Qe2 Nde7 9. Nc3 Ng6 10. h4 Qc7 11. Nb5 Qb8 12. h5 Ngxe5 13. Nxe5 Nxe5 14. Bf4 d6 15. O-O-O Be7 16. Nxd6+ Bxd6 17. Rxd6 Qxd6 18. Bxe5 Qe7 19. h6 Bd7 20. hxg7 Rg8 21. Rxh7 O-O-O 22. Qe3 Bc6 23. Qxa7 Kd7 24. Qe3 Ke8 25. Rh6 Bd5 26. Bb5+ Kf7 27. Qg3 1-0

[Event "January 2 Early 2024"]
[Site "https://www.chess.com"]
[Date "2024.01.02"]
[Round "2"]
[White "Tari, Aryan"]
[Black "Bartel, Michal"]
[Result "0-1"]
[Board "34"]
[TimeControl "180+1"]
[WhiteFideId "1510045"]
[BlackFideId "1119257"]
[WhiteElo "2949"]
[BlackElo "2624"]
[WhiteTeam "NOR"]
[BlackTeam "POL"]
[WhiteClock "0:00:01"]
[BlackClock "0:00:36"]

1. d4 Nf6 2. Nf3 c5 3. d5 e6 4. c4 exd5 5. cxd5 d6 6. Nc3 g6 7. Bf4 a6 8. a4 Nh5 9. Bg5 f6 10. Bd2 Bg7 11. e4 f5 12. exf5 Bxf5 13. h3 Nf6 14. Qe2+ Qe7 15. Qxe7+ Kxe7 16. g4 Bc2 17. Bc4 Be4 18. Nxe4 Nxe4 19. Be3 Rf8 20. Ng5 Nxg5 21. Bxg5+ Bf6 22. Bh6 Re8 23. O-O-O Nd7 24. Rhe1+ Kf7 25. Re6 Nb6 26. Ba2 Rxe6 27. dxe6+ Ke7 28. a5 Na4 29. Rd2 Rd8 30. Bb3 b5 31. axb6 Nxb6 32. Be3 Rb8 33. f4 Na8 34. Bc4 Nc7 35. f5 gxf5 36. gxf5 a5 37. b3 Rb4 38. Bf4 Rb6 39. Rg2 a4 40. Bg5 d5 41. Bxf6+ Kxf6 42. Bd3 axb3 43. Rg8 c4 44. Rf8+ Ke5 45. e7 cxd3 46. Rc8 b2+ 47. Kb1 d2 48. e8=Q+ Nxe8 49. Rxe8+ Kxf5 50. Rf8+ Rf6 0-1

[Event "January 2 Early 2024"]
[Site "https://www.chess.com"]
[Date "2024.01.02"]
[Round "2"]
[White "Souleidis, Georgios"]
[Black "Daneshvar, Bardiya"]
[Result "0-1"]
[Board "35"]
[TimeControl "180+1"]
[WhiteFideId "4206827"]
[BlackFideId "12576468"]
[WhiteElo "2622"]
[BlackElo "2945"]
[WhiteTeam "GRE"]
[BlackTeam "IRI"]
[WhiteClock "0:00:04"]
[BlackClock "0:01:00"]

1. e4 b6 2. d4 Bb7 3. Bd3 Nc6 4. Nf3 Nb4 5. O-O e6 6. Re1 Nxd3 7. Qxd3 Nf6 8. e5 Nd5 9. c4 Nb4 10. Qd1 Bxf3 11. gxf3 Qh4 12. Nc3 Be7 13. Re4 Qh5 14. Nb5 O-O 15. a3 Na6 16. Bf4 c6 17. Nd6 Nc7 18. Bg3 Bxd6 19. exd6 Ne8 20. Rh4 Qf5 21. Rf4 Qa5 22. b4 Qa6 23. Qc2 Nxd6 24. Rh4 Nf5 25. Rg4 Qc8 26. c5 Qd8 27. Re1 h5 28. Rge4 h4 29. Be5 f6 30. Bf4 Qe8 31. h3 Qh5 32. Qd3 b5 33. Kh2 a5 34. Rg1 axb4 35. axb4 Ra2 36. Rg2 Rfa8 37. Bc7 R8a3 38. Qd1 Qxf3 39. Qxf3 Rxf3 0-1

[Event "January 2 Early 2024"]
[Site "https://www.chess.com"]
[Date "2024.01.02"]
[Round "2"]
[White "Drygalov, Sergey"]
[Black "Yagupov, Igor"]
[Result "1-0"]
[Board "36"]
[TimeControl "180+1"]
[WhiteFideId "24171743"]
[BlackFideId "4113632"]
[WhiteElo "2945"]
[BlackElo "2620"]
[WhiteTeam "RUS"]
[BlackTeam "RUS"]
[WhiteClock "0:00:10"]
[BlackClock "0:00:00"]

1. d4 d5 2. c4 c6 3. Nf3 Nf6 4. Nc3 e6 5. e3 Nbd7 6. Qc2 Bd6 7. Bd3 O-O 8. O-O dxc4 9. Bxc4 b5 10. Be2 a6 11. Ng5 h6 12. Nge4 Be7 13. a4 Bb7 14. Rd1 Qb6 15. Bd2 Rac8 16. Rac1 Nxe4 17. Nxe4 c5 18. Qd3 c4 19. Qb1 Rfd8 20. Bf3 Nf6 21. Nxf6+ Bxf6 22. Bxb7 Qxb7 23. Bb4 Be7 24. Bxe7 Qxe7 25. axb5 axb5 26. Qe4 Qb4 27. Rc2 Qb3 28. Rdc1 Rd5 29. h3 b4 30. Ra1 Rdd8 31. Ra7 c3 32. bxc3 Rxc3 33. Rca2 Rc1+ 34. Kh2 Qd5 35. Qxd5 Rxd5 36. Rb7 Rb1 37. Ra8+ Kh7 38. Rxf7 Rf5 39. Rxf5 exf5 40. Rb8 g5 41. Rb6 h5 42. Kg3 h4+ 43. Kf3 Kg7 44. d5 Rd1 45. Rb5 Kf6 46. Ke2 Rb1 47. f4 gxf4 48. exf4 Rb2+ 49. Kf3 Rb3+ 50. Kf2 Rb2+ 51. Ke3 Rxg2 52. Rxb4 Rg3+ 53. Kd4 Rxh3 54. Rb6+ Ke7 55. Ke5 Re3+ 56. Kxf5 h3 57. Rh6 Kf7 58. d6 Kg7 59. Rh4 Rd3 60. Ke6 Re3+ 61. Kd7 Rf3 62. Kd8 Kf7 63. d7 Rc3 64. Rh7+ Kg8 65. Ke8 1-0

[Event "January 2 Early 2024"]
[Site "https://www.chess.com"]
[Date "2024.01.02"]
[Round "2"]
[White "NevorLegov"]
[Black "Jia, Haoxiang"]
[Result "1/2-1/2"]
[Board "37"]
[TimeControl "180+1"]
[BlackFideId "8602999"]
[WhiteElo "2941"]
[BlackElo "2619"]
[BlackTeam "CHN"]
[WhiteClock "0:00:13"]
[BlackClock "0:00:12"]

1. d4 Nf6 2. c4 g6 3. Nc3 Bg7 4. e4 d6 5. h3 O-O 6. Be3 e5 7. d5 Nh5 8. g3 Na6 9. Be2 Nf6 10. Nf3 Nc5 11. Nd2 a5 12. g4 Ne8 13. g5 f5 14. gxf6 Nxf6 15. Qc2 Bd7 16. O-O-O Qe8 17. Rdg1 Kh8 18. h4 Nh5 19. Bxh5 gxh5 20. Kb1 b6 21. Rg3 Bf6 22. Nf3 Bg4 23. Ng5 Bxg5 24. hxg5 Qg6 25. a3 Rf3 26. Rxf3 Bxf3 27. Rh4 Rf8 28. Ka2 Rf7 29. b4 axb4 30. axb4 Nd7 31. Kb3 h6 32. gxh6 Qg1 33. Qc1 Qxc1 34. Bxc1 Kh7 35. Be3 Nf6 36. c5 bxc5 37. bxc5 Ng4 38. cxd6 cxd6 39. Bc1 Nxf2 40. Be3 Ng4 41. Bd2 Nxh6 42. Nb5 Rf6 43. Bg5 Rg6 44. Be7 Nf7 45. Rh3 Bxe4 46. Rxh5+ Kg7 47. Nc3 Rg3 48. Kc4 Bd3+ 49. Kb4 Rg4+ 50. Kb3 e4 51. Rh4 Rg3 52. Kb4 e3 53. Rh1 e2 54. Re1 Re3 55. Bh4 Ne5 56. Bf2 Nf3 57. Bxe3 Nxe1 58. Nxe2 Bxe2 59. Bg5 Kf7 60. Bh4 Nd3+ 61. Kb5 Ne5+ 62. Kb6 Bf3 63. Kc7 Nc4 64. Bg3 Bxd5 65. Bxd6 Ke6 66. Bg3 Na5 67. Bh2 Nb7 68. Bg3 Nd6 69. Bxd6 1/2-1/2

[Event "January 2 Early 2024"]
[Site "https://www.chess.com"]
[Date "2024.01.02"]
[Round "2"]
[White "Makhnev, Denis"]
[Black "Avramidou, Anastasia"]
[Result "1-0"]
[Board "39"]
[TimeControl "180+1"]
[WhiteFideId "13707647"]
[BlackFideId "4239873"]
[WhiteElo "2935"]
[BlackElo "2617"]
[WhiteTeam "KAZ"]
[BlackTeam "GRE"]
[WhiteClock "0:00:15"]
[BlackClock "0:00:05"]

1. d4 Nf6 2. c4 g6 3. Nc3 d5 4. cxd5 Nxd5 5. e4 Nxc3 6. bxc3 Bg7 7. Qa4+ c6 8. Nf3 O-O 9. Qa3 Nd7 10. Be2 b6 11. Bg5 c5 12. Rd1 Qc7 13. e5 Re8 14. h4 f6 15. Qb3+ Kf8 16. h5 Bb7 17. hxg6 hxg6 18. Nh4 Be4 19. Qe6 cxd4 20. Bc4 Qxc4 21. Qxc4 fxg5 22. Rxd4 Nxe5 23. Qe2 Bb1 24. O-O gxh4 25. Rxb1 h3 26. Rb5 Nf7 27. Rf4 Bf6 28. Qg4 Kg7 29. Qxh3 Rad8 30. Rb1 Rd6 31. Re1 Red8 32. Ra4 Rd1 33. Rxd1 Rxd1+ 34. Kh2 Ng5 35. Qg4 Rd2 36. Kg1 Rb2 37. Rxa7 Rb1+ 38. Kh2 Rb2 39. f4 Nf7 40. Qe6 Rf2 41. Qe3 Rxf4 42. Qxf4 Be5 43. Qxe5+ Nxe5 44. Rxe7+ Kf6 1-0